 Dungeon Crawl Stone Soup version 0.24.0-123-gd5b16e6ec5 (webtiles) character file.

Game seed: 11165042014571744456, levelgen mode: deterministic

5501 Curus the Carver (level 10, 0/88 HPs)
             Began as a Minotaur Berserker on Jan 22, 2020.
             Was a High Priest of Trog.
             Succumbed to a spiny frog's poison
             ... on level 1 of the Lair of Beasts.
             The game lasted 00:21:59 (7007 turns).

Curus the Carver (Minotaur Berserker)               Turns: 7007, Time: 00:21:59

Health: 0/88       AC: 21    Str: 22    XL:     10   Next: 42%
Magic:  12/12      EV:  7    Int:  7    God:    Trog [*****.]
Gold:   507        SH:  0    Dex: 10    Spells: 9/9 levels left

rFire    . . .     SeeInvis .   h - +0 long sword
rCold    . . .     Gourm    .   (no shield)
rNeg     . . .     Faith    .   q - +2 plate armour
rPois    .         Spirit   .   (helmet restricted)
rElec    .         Reflect  .   s - +1 cloak
rCorr    .         Harm     .   j - +0 pair of gloves
MR       .....                  (no boots)
Stlth    ..........             (no amulet)
HPRegen  0.24/turn              d - ring of flight
MPRegen  0.13/turn              r - ring of stealth

@: lethally poisoned (0 -> -7), berserk cooldown, slowed, very slow
A: retaliatory headbutt, horns 2, iridescent scales 1, blurry vision 1
a: Berserk, Trog's Hand, Brothers in Arms, Renounce Religion, Evoke Flight


You were on level 1 of the Lair of Beasts.
You worshipped Trog.
Trog was extremely pleased with you.
You were not hungry.

You visited 2 branches of the dungeon, and saw 9 of its levels.

You collected 507 gold pieces.

Inventory:

Hand Weapons
 a - a +0 falchion
 g - a -2 long sword
 h - a +0 long sword (weapon)
Armour
 b - a +0 animal skin
 e - a +0 cloak
 f - a +0 leather armour
 i - a +0 ring mail
 j - a +0 pair of gloves (worn)
 n - a +0 chain mail
 q - a +2 plate armour (worn)
 s - a +1 cloak (worn)
Jewellery
 d - a ring of flight (left hand)
 r - a ring of stealth (right hand)
Wands
 o - a wand of clouds (8)
 p - a wand of flame (28)
 t - a wand of disintegration (10)
 w - a wand of polymorph (7)
 y - a wand of acid (3)
Scrolls
 k - 9 scrolls of identify
 l - 3 scrolls of remove curse
 u - a scroll of magic mapping
 A - a scroll of fog
Potions
 m - a potion of brilliance
 v - 3 potions of curing
 x - a potion of magic
 z - a potion of heal wounds
Comestibles
 c - 16 rations


   Skills:
 + Level 8.0 Fighting
 - Level 14.0 Long Blades
 + Level 7.4 Armour
 - Level 2.1 Dodging
 - Level 5.1 Evocations


You had 9 spell levels left.
You didn't know any spells.
Your spell library was empty.

Dungeon Overview and Level Annotations

Branches:
Dungeon (8/15)             Temple (0/1) D:4            Lair (1/6) D:8

Altars:
Ru

Shops:
D:5 :   D:7 (


Innate Abilities, Weirdness & Mutations

You reflexively headbutt those who attack you in melee.
You have a pair of horns on your head.
You are partially covered in iridescent scales. (AC +2)
Scrolls take you a little longer to read.


Message History

You slice the crocodile!!
You kill the crocodile!
Trog accepts your kill.
Your Fighting skill increases to level 8!
* * * LOW HITPOINT WARNING * * *
You feel sick.
You are too berserk!
You see here a crocodile corpse.
You butcher the crocodile corpse.
You feel a strong urge to attack something.
* * * LOW HITPOINT WARNING * * *
You feel sick.
Things that are here:
2 chunks of flesh; a crocodile skeleton Eat one of 2 chunks of flesh? (ye/n/q)
You eat one of the 2 chunks of flesh.
This raw flesh tastes terrible.
You are no longer berserk.
You are exhausted.
You feel yourself slow down.
You die...

......................
.........##.#####.....
##.+.....#............
...#....#............
.......#...........
.....#.......P...
#............#...
..^...#...(.......
......#..@........
.#... ###P..###...
..... ....... . #...
.......... ....
...........
............
.............
..............


There were no monsters in sight!

Vanquished Creatures
  Pikel (D:6)
  A black mamba (Lair:1)
  A spiny frog (Lair:1)
  Prince Ribbit (Lair:1)
  3 blink frogs (Lair:1)
  Grinder (D:5)
  4 yaks (Lair:1)
  Menkaure (D:5)
  Duvessa (D:6)
  2 orc warriors
  A porcupine (Lair:1)
  A black bear (D:6)
  An ice beast (D:6)
  A slave (D:6)
  2 centaurs
  3 ogres
  2 crocodiles (Lair:1)
  A bullfrog (D:6)
  Dowan (D:6)
  2 scorpions
  6 killer bees (D:8)
  A centaur zombie (D:4)
  4 crimson imps
  Crazy Yiuf (D:6)
  2 hounds
  3 centaur skeletons
  A jelly (D:6)
  4 orc priests
  3 orc wizards
  3 iguanas
  10 worker ants
  A hound skeleton (D:4)
  10 gnolls
  9 adders
  A shadow imp (D:7)
  2 oozes
  An adder skeleton (D:7)
  4 worms
  A dart slug (D:1)
  A leopard gecko (D:1)
  21 orcs
  A ball python (D:2)
  9 giant cockroaches
  12 goblins
  7 hobgoblins
  17 jackals
  3 quokkas
  4 bats
  8 frilled lizards
  2 jackal skeletons
  10 kobolds
  2 leopard gecko skeletons
  2 quokka skeletons
  8 rats
205 creatures vanquished.

Vanquished Creatures (others)
  A fungus (D:8)
  A plant (Lair:1)
2 creatures vanquished.

Grand Total: 207 creatures vanquished

Notes
Turn   | Place    | Note
-------+----------+-------------------------------------------
     0 | D:1      | Curus the Minotaur Berserker began the quest for the Orb.
     0 | D:1      | Reached XP level 1. HP: 19/19 MP: 0/0
    38 | D:1      | Reached skill level 4 in Long Blades
   179 | D:1      | Reached XP level 2. HP: 14/26 MP: 1/1
   410 | D:1      | Reached skill level 5 in Long Blades
   415 | D:1      | Reached XP level 3. HP: 8/31 MP: 2/2
   950 | D:2      | Reached ** piety under Trog
  1023 | D:2      | Reached skill level 6 in Long Blades
  1023 | D:2      | Reached XP level 4. HP: 39/39 MP: 3/3
  1419 | D:2      | Gained mutation: Scrolls take you a little longer to read.
                  | [potion of mutation]
  1419 | D:2      | Gained mutation: You are partially covered in iridescent
                  | scales. (AC +2) [potion of mutation]
  1633 | D:2      | Found a sacrificial altar of Ru.
  1813 | D:3      | Reached skill level 7 in Long Blades
  1813 | D:3      | Reached XP level 5. HP: 40/45 MP: 4/4
  1887 | D:3      | You fall into a shaft and drop 1 floor!
  1887 | D:4      | Found a staircase to the Ecumenical Temple.
  1992 | D:3      | Reached *** piety under Trog
  2117 | D:3      | Reached skill level 8 in Long Blades
  2480 | D:4      | Reached XP level 6. HP: 47/51 MP: 5/5
  2621 | D:4      | Reached skill level 9 in Long Blades
  3263 | D:5      | Entered Level 5 of the Dungeon
  3294 | D:5      | Found Udi Aliu's Book Shop.
  3311 | D:5      | Reached XP level 7. HP: 50/57 MP: 6/6
  3580 | D:5      | Reached **** piety under Trog
  3622 | D:5      | Reached skill level 10 in Long Blades
  3625 | D:5      | Noticed Menkaure
  3633 | D:5      | Killed Menkaure
  3894 | D:5      | Noticed Grinder
  3904 | D:5      | Killed Grinder
  3904 | D:5      | Reached skill level 11 in Long Blades
  4081 | D:5      | Reached XP level 8. HP: 55/64 MP: 7/7
  4275 | D:6      | Noticed Pikel
  4300 | D:6      | Killed Pikel
  4300 | D:6      | Reached skill level 13 in Long Blades
  4329 | D:6      | Noticed Duvessa
  4329 | D:6      | Noticed Dowan
  4336 | D:6      | Killed Duvessa
  4357 | D:6      | Killed Dowan
  4572 | D:6      | Reached XP level 9. HP: 63/70 MP: 8/8
  4956 | D:6      | Reached skill level 14 in Long Blades
  5328 | D:6      | Found a runed translucent door.
  5329 | D:6      | Noticed Crazy Yiuf
  5531 | D:6      | Killed Crazy Yiuf
  5667 | D:7      | Reached skill level 5 in Fighting
  5801 | D:7      | Reached skill level 5 in Armour
  5832 | D:7      | Found Koaghobroxt's Antique Weapon Emporium.
  6189 | D:8      | Reached ***** piety under Trog
  6611 | D:8      | Found a staircase to the Lair.
  6622 | Lair:1   | Entered Level 1 of the Lair of Beasts
  6645 | Lair:1   | Noticed Prince Ribbit
  6657 | Lair:1   | Killed Prince Ribbit
  6676 | Lair:1   | Reached XP level 10. HP: 69/86 MP: 11/11
  6677 | Lair:1   | Noticed a black mamba
  6690 | Lair:1   | Killed a black mamba
  6969 | Lair:1   | Noticed a spiny frog
  6980 | Lair:1   | Reached skill level 5 in Evocations
  6991 | Lair:1   | Killed a spiny frog
  6993 | Lair:1   | Received a gift from Trog
  7002 | Lair:1   | HP: 2/132 [crocodile (8)]
  7007 | Lair:1   | Succumbed to a spiny frog's poison

Levels and vault maps discovered:
D:1:      minmay_arrival_checkered_box, layout_loops_cross
D:2:      minmay_evil_eye, layout_loops_ring, marbit_many_paths, first_ration
D:3:      layout_loops_ring
D:4:      layout_loops_ring, minmay_temple_entry_tees
D:5:      layout_basic, serial_shops, nicolae_shop_stone, uniq_grinder,
          uniq_menkaure
D:6:      layout_basic, minivault_19, chequers_avenue, feat_on_display,
          uniq_crazy_yiuf_cottage, uniq_duvessa, uniq_pikel
D:7:      layout_basic, serial_shops, shop
D:8:      layout_loops_ring, dpeg_oklobed_lair, hangedman_ranch
          [blue_anna_fruit_fields], minmay_misc_feat_five
Lair:1:   layout_regular_city, basic_altar, grunt_megastairs_3,
          uniq_prince_ribbit2

Skill      XL: |  1  2  3  4  5  6  7  8  9 10 |
---------------+-------------------------------+-----
Long Blades    | 4 5 6 7 8 9 11 13 14 | 14.0
Fighting       | 7 8 |  8.0
Armour         | 6 7 |  7.4
Evocations     | 3 5 |  5.1
Dodging        | |  2.1

Action                   |  1- 3 |  4- 6 |  7- 9 | 10-12 || total
-------------------------+-------+-------+-------+-------++-------
Melee: Falchion          |    87 |    10 |       |       ||    97
       Headbutt          |    15 |    35 |    70 |     7 ||   127
       Long sword        |       |   162 |   320 |    48 ||   530
Invok: Berserk           |       |     1 |     1 |     2 ||     4
       Trog's Hand       |       |       |     1 |       ||     1
Evoke: Wand              |       |       |     1 |       ||     1
  Use: Scroll            |     5 |     3 |     5 |       ||    13
       Potion            |     1 |     2 |     5 |       ||     8
  Eat: Chunk             |       |     8 |    11 |     1 ||    20
       Ration            |       |       |     1 |       ||     1
Armor: Animal skin       |     2 |       |       |       ||     2
       Leather armour    |    24 |     7 |       |       ||    31
       Ring mail         |       |    62 |       |       ||    62
       Plate armour      |       |     8 |   177 |    32 ||   217
       Chain mail        |       |     1 |       |       ||     1
Dodge: Dodged            |    53 |    83 |    94 |    17 ||   247
       Rpst.: Falchion   |    17 |     1 |       |       ||    18
       Long sword        |       |    27 |    36 |     5 ||    68
